 Dungeon Crawl Stone Soup version 0.29.1-12-g30fa7ad0bf (webtiles) character file.

Game seed: 7117469976102953278

89 fleeber the Digger (level 4, 0/24 HPs)
             Began as a Gargoyle Earth Elementalist on Dec 14, 2022.
             Slain by a goblin
             ... wielding a +0 club
             ... led by Robin
              (2 damage)
             ... on level 3 of the Dungeon.
             The game lasted 00:04:26 (2126 turns).

fleeber the Digger (Gargoyle Earth Elementalist)    Turns: 2126, Time: 00:04:26

Health: 0/24       AC:  7    Str: 17    XL:     4   Next: 55%
Magic:  8/8        EV: 11    Int: 17    God:
Gold:   93         SH:  0    Dex: 10    Spells: 7/8 levels left

rFire   . . .      SeeInvis .   j - +7 dagger "Killer Klown's Doom" {flame, rPois Str+5}
rCold   . . .      Faith    .   (no shield)
rNeg    + . .      Spirit   .   i - +0 leather armour
rPois   ∞          Reflect  .   (no helmet)
rElec   +          Harm     .   (no cloak)
rCorr   .          Rampage  .   (no gloves)
Will    .....                   l - +0 pair of boots
Stlth   ++........              (no amulet)
HPRegen 0.08/turn               (no ring)
MPRegen 0.11/turn               (no ring)

@: about to teleport, weak-willed
A: sickness immunity, AC +3, negative energy resistance 1, electricity
resistance, torment resistance 1, petrification resistance
a: no special abilities


You were on level 3 of the Dungeon.
You visited 1 branch of the dungeon, and saw 3 of its levels.

You collected 93 gold pieces.

Inventory:

Hand Weapons
 j - the +7 dagger "Killer Klown's Doom" (weapon) {flame, rPois Str+5}
   (You found it on level 2 of the Dungeon)

   It burns those it strikes, dealing additional fire damage.
   Str:       It affects your strength (+5).
   rPois:     It protects you from poison.
Armour
 a - a +0 robe
 i - a +0 leather armour (worn)
 l - a +0 pair of boots (worn)
Scrolls
 c - a scroll of vulnerability
Potions
 b - a potion of magic
 f - a potion of attraction {unknown}
 g - a potion of flight {unknown}


   Skills:
 - Level 1.5 Dodging
 - Level 2.1 Stealth
 + Level 2.9 Spellcasting
 + Level 2.3 Conjurations
 - Level 0.7 Transmutations
 + Level 4.6 Earth Magic


You had 7 spell levels left.
You knew the following spells:

 Your Spells              Type           Power      Damage    Failure   Level
a - Sandblast             Erth           36%        2d10      3%          1

Your spell library contained the following spells:

 Spells                   Type           Power      Damage    Failure   Level
 Passwall                 Tmut/Erth      9%         N/A       11%         2
 Beastly Appendage        Tmut           8%         N/A       16%         1
 Stone Arrow              Conj/Erth      28%        3d8       16%         3
 Wereblood                Tmut           4%         N/A       24%         2
 Spider Form              Tmut/Pois      3%         N/A       50%         3
 Petrify                  Tmut/Erth      11%        N/A       56%         4


Dungeon Overview and Level Annotations

Branches:
Dungeon (3/15)

Altars:
Elyvilon

Annotations:
D:3 Grinder, Robin


Innate Abilities, Weirdness & Mutations

You are immune to sickness and miasma.
Your stone body is resilient. (AC +3)
You are immune to poison.
You resist negative energy. (rN+)
You are resistant to electric shocks. (rElec)
You are resistant to unholy torment.
You are immune to petrification.


Message History

You hit the goblin but do no damage.
A ball python comes into view.
The goblin closely misses you. The goblin hits you with a +0 club.
You barely miss the goblin.
A hobgoblin comes into view.
The goblin closely misses you.
A hobgoblin comes into view.
The goblin hits you with a +0 club.
You puncture the goblin! You burn the goblin.
You kill the goblin!
The goblin closely misses you.
Grinder blinks!
You hit the goblin. You burn the goblin.
The goblin is severely wounded.
The goblin hits you but does no damage.
A goblin comes into view. It is wielding a +0 dagger.
As you read the scroll labelled TEUDI CUQIX, it crumbles to dust.
Magic quickly surges around you.
It was a scroll of vulnerability.
The goblin barely misses you. The goblin hits you but does no damage.
The hobgoblin hits you.
As you read the scroll labelled JOIDILA TURILE, it crumbles to dust.
It is a scroll of amnesia.
Really abort (and waste the scroll)?
Okay, then.
The goblin hits you but does no damage. The goblin hits you with a +0 club.
The hobgoblin completely misses you.
Grinder blinks!
The air fills with toxic fumes!
As you read the scroll labelled CIYZYGGOMI, it crumbles to dust.
It was a scroll of poison.
The goblin hits you but does no damage. The goblin hits you with a +0 club.
The hobgoblin barely misses you.
As you read the scroll labelled CEZXYQ MUYGE, it crumbles to dust.
It is a scroll of enchant weapon.
You aren't carrying any weapons that can be enchanted.
The goblin hits you with a +0 club. x2; The hobgoblin hits you.
* * * LOW HITPOINT WARNING * * *
As you read the scroll labelled QAW ZYBBIEFAC, it crumbles to dust.
You feel strangely unstable.
It was a scroll of teleportation.
Robin hits you from afar with a +2 vorpal spear.
* * * LOW HITPOINT WARNING * * *
x2 The goblin barely misses you.
The goblin hits you with a +0 club.
You die...

#.###.#
#..........#
#.....#
#......#####
####.## #......#
#..# #......#
##.# #.#.####
#.###.#.#. ####
#..>......
#§§######§##§#.##
#§§§§g@gg5.§§§.#
#####g##g§##§§..#
#§....§# #...
####g.§S§# #.
#..#g§§.
##.##§§.. #.#
.§.. .. ... g#


You could see Grinder (weak-willed), Robin (weak-willed), a hobgoblin (strong,
weak-willed), 4 goblins and a ball python (weak-willed).

Vanquished Creatures
  Terence (D:3)
  3 dart slugs
  3 orcs (D:2)
  3 ball pythons (D:1)
  4 endoplasms
  2 giant cockroaches
  8 goblins
  6 hobgoblins
  4 jackals (D:1)
  4 kobolds
  2 quokkas
  3 bats (D:1)
  2 frilled lizards
  A rat (D:2)
46 creatures vanquished.

Notes
Turn   | Place    | Note
-------+----------+-------------------------------------------
     0 | D:1      | fleeber the Gargoyle Earth Elementalist began the quest for
                  | the Orb.
     0 | D:1      | Reached XP level 1. HP: 10/10 MP: 3/3
    65 | D:1      | Found a faded altar of an unknown god.
    69 | D:1      | Reached XP level 2. HP: 15/15 MP: 1/5
   226 | D:1      | Reached skill level 1 in Conjurations
   371 | D:1      | Reached skill level 4 in Earth Magic
   792 | D:1      | Reached XP level 3. HP: 19/19 MP: 2/6
  1453 | D:2      | Identified the +7 dagger "Killer Klown's Doom" {flame,
                  | rPois Str+5}
  1865 | D:3      | Reached XP level 4. HP: 24/24 MP: 6/8
  1896 | D:3      | Noticed Terence
  1905 | D:3      | Killed Terence
  1960 | D:3      | Found a white marble altar of Elyvilon.
  2114 | D:3      | Noticed Robin
  2117 | D:3      | Noticed Grinder
  2126 | D:3      | Slain by a goblin

Illustrated notes

Levels and vault maps discovered:
D:1:      reono_arrival_mine, layout_loops_ring,
          hellmonk_ecumenical_altar_blasted,
          wander_ebering_terrifying_dragon_lair
D:2:      layout_loops_ring, guppyfry_early_orc_mine
D:3:      minmay_inner_zag, layout_rooms, mainiacjoe_overflow_24_doors,
          uniq_terence, uniq_grinder, uniq_natasha, uniq_robin

Skill      XL: |  1  2  3 |
---------------+----------+-----
Conjurations   | 1 2 |  2.3
Earth Magic    | 4 |  4.6
Dodging        | |  1.5
Stealth        | |  2.1
Spellcasting   | |  2.9
Transmutations | |  0.7

Action                   |  1- 3 |  4- 6 || total
-------------------------+-------+-------++-------
Melee: Dagger            |       |     7 ||     7
 Cast: Sandblast         |    53 |    11 ||    64
  Use: Scroll            |       |     5 ||     5
Armor: Robe              |     3 |       ||     3
       Leather armour    |     4 |     9 ||    13
Dodge: Dodged            |    27 |    14 ||    41
